 Dungeon Crawl Stone Soup version 0.31-a0-1074-g0b22e4e0f1 (webtiles) character file.

Game seed: 14530569661846403885

5675 Mocha4448 the Severer (level 10, -2/80 HPs)
             Began as a Minotaur Berserker on Dec 5, 2023.
             Was an Elder of Trog.
             Slain by Amaemon
             ... wielding a +1 demon whip of venom
              (9 damage)
             ... on level 9 of the Dungeon.
             The game lasted 00:25:59 (8726 turns).

Mocha4448 the Severer (Minotaur Berserker)          Turns: 8726, Time: 00:26:01

Health: -2/80      AC:  6    Str: 32    XL:     10   Next: 47%
Magic:  9/9        EV: 12    Int:  2    God:    Trog [****..]
Gold:   560        SH:  0    Dex: 10    Spells: 9/9 levels left

rFire   x . .        s - +1 war axe of the Kissing Gods {freeze, rElec rF- Str+6 Int-2}
rCold   . . .        (no shield)
rNeg    . . .        H - +0 steam dragon scales
rPois   .            (helmet restricted)
rElec   +            (no cloak)
rCorr   .            (no gloves)
SInv    .            L - +0 pair of boots
Will    ++...        (no amulet)
Stlth   +            (no ring)
HPRegen 1.33/turn    (no ring)
MPRegen 0.11/turn

%: no passive effects
@: lethally poisoned (-2 -> -25), weakened, strong-willed, on berserk cooldown,
regenerating, slowed, very slow
A: horns 2, retaliatory headbutt
a: Renounce Religion, Berserk, Trog's Hand, Brothers in Arms


You were on level 9 of the Dungeon.
You worshipped Trog.
Trog was greatly pleased with you.
You visited 1 branch of the dungeon, and saw 9 of its levels.

You collected 560 gold pieces.

Inventory:

Hand Weapons
 a - a +0 hand axe
 s - the +1 war axe of the Kissing Gods (weapon) {freeze, rElec rF- Str+6 Int-2}
   (You found it on level 5 of the Dungeon)

   Str+6:     It affects your strength (+6).
   Int-2:     It affects your intelligence (-2).
   rF-:       It makes you vulnerable to fire.
   rElec:     It insulates you from electricity.
 x - a +2 hand axe of freezing
 y - a +2 war axe of freezing
 B - the +7 great sword "Dyngal" {elec, Int+5 Dex-2}
   (You found it on level 7 of the Dungeon)

   Int+5:     It affects your intelligence (+5).
   Dex-2:     It affects your dexterity (-2).
 C - a +3 dagger of draining
 D - a +5 short sword of freezing
Missiles
 c - 30 poisoned darts
 o - 3 throwing nets
Armour
 b - a +0 animal skin
 d - a +0 ring mail
 g - a +0 leather armour
 H - +0 steam dragon scales (worn)
 L - a +0 pair of boots (worn)
Magical Staves
 f - a staff of death
Jewellery
 q - a ring of willpower
 r - a ring of willpower
 v - an amulet of guardian spirit
Talismans
 e - a blade talisman
Wands
 I - a wand of flame (4)
 J - a wand of mindburst (21)
 K - a wand of paralysis (12)
Scrolls
 h - 5 scrolls of teleportation {unknown}
 i - 5 scrolls of identify {unknown}
 k - a scroll of blinking {unknown}
 l - a scroll of noise {unknown}
 m - a scroll of torment {unknown}
 p - a scroll of revelation {unknown}
 t - 4 scrolls of immolation
 z - a scroll of enchant weapon {unknown}
 E - 2 scrolls of fog {unknown}
 F - a scroll of amnesia {unknown}
Potions
 j - 2 potions of degeneration
 n - 3 potions of attraction
 w - a potion of berserk rage {unknown}
 A - 2 potions of curing {unknown}
 G - a potion of might {unknown}


   Skills:
 - Level 4.3 Fighting
 + Level 18.2 Axes
 - Level 2.6 Armour
 - Level 2.4 Dodging
 - Level 0.9 Stealth


You had 9 spell levels left.
You didn't know any spells.
Your spell library contained the following spells:

 Spells                   Type           Power      Damage    Failure   Level
 Magic Dart               Conj           0%         1d3       54%         1
 Sandblast                Erth           0%         2d4       54%         1
 Call Imp                 Summ           0%         N/A       69%         2
 Passwall                 Tmut/Erth      0%         N/A       69%         2
 Poisonous Vapours        Pois/Air       0%         N/A       69%         2
 Mephitic Cloud           Conj/Pois/Air  0%         N/A       89%         3
 Stone Arrow              Conj/Erth      0%         3d7       89%         3
 Brom's Barrelling Bould  Conj/Erth      0%         2d3       100%        4
 Freezing Cloud           Conj/Ice/Air   0%         6-21      100%        5


Dungeon Overview and Level Annotations

Branches:
Dungeon (9/15)             Temple (0/1) D:6
   Lair: D:8-11         Orc: D:9-12

Altars:
Fedhas
Gozag
Okawaru
Ru

Shops:
D:6 *   D:9 :

Annotations:
D:9 Amaemon


Innate Abilities, Weirdness & Mutations

You have a pair of horns on your head.
You reflexively headbutt those who attack you in melee.


Message History

Amaemon hits you with a +1 demon whip of venom!
You are more poisoned.
Amaemon claws you! Amaemon tail-slaps you.
* * * LOW HITPOINT WARNING * * *
The scorpion stings you.
* * * LOW HITPOINT WARNING * * *
Amaemon hits you with a +1 demon whip of venom!
* * * LOW HITPOINT WARNING * * *
Amaemon claws you but does no damage. Amaemon tail-slaps you.
* * * LOW HITPOINT WARNING * * *
You feel much better.
You feel extremely sick. The scorpion barely misses you.
You furiously retaliate!
You headbutt the scorpion. The scorpion misses you. You furiously retaliate!
You headbutt the scorpion!
You kill the scorpion!
The scorpion's corpse disappears in a puff of smoke!
Amaemon hits you with a +1 demon whip of venom.
* * * LOW HITPOINT WARNING * * *
Amaemon claws you but does no damage. Amaemon tail-slaps you.
* * * LOW HITPOINT WARNING * * *
You are lethally poisoned!
Amaemon poisons you!
Okay, then.
You feel much better.
You feel extremely sick.
Amaemon hits you with a +1 demon whip of venom!
* * * LOW HITPOINT WARNING * * *
You are more poisoned.
Amaemon barely misses you. Amaemon tail-slaps you.
* * * LOW HITPOINT WARNING * * *
Amaemon mumbles some strange words.
You slash Amaemon! You freeze Amaemon.
Amaemon is moderately wounded.
You hit the scorpion. You freeze the scorpion.
* * * LOW HITPOINT WARNING * * *
You feel extremely sick. The scorpion completely misses you.
Amaemon hits you with a +1 demon whip of venom!
You die...

#. #..###. #.. ##.....
#.# #..#### #.## #.##
#..# ###.## . #..#
####....# ...
#.?####.......##
#....##s.......#.....##
#.....6@#....####.....##
##....s####..# ##.....#
##...# #.(# #......
$..... ##..# #......
#.... ##.# #...... ##...
#..# #...... #...
#..###...... #..#
##.........# .#
#........###


You could see Amaemon and 2 scorpions.

Vanquished Creatures
  Pikel (D:5)
  An ugly thing (D:9)
  An orange demon (D:9)
  Grinder (D:4)
  A slime creature (D:7)
  3 wyverns
  5 yaks (D:6)
  2 steam dragons
  An orc warrior (D:9)
  2 black bears
  An ogre (D:4)
  2 centaurs
  A phantom (D:6)
  4 kobold brigands
  2 bullfrogs
  A gnoll sergeant (D:8)
  2 scorpions
  9 wights
  2 hounds (D:6)
  A gnoll bouda (D:8)
  6 orc priests
  2 sleepcaps
  2 iguanas
  4 orc wizards
  15 gnolls
  14 adders
  A river rat (D:5)
  A shadow imp (D:6)
  A white imp (D:7)
  2 ufetubi (D:6)
  A worm (D:5)
  2 dart slugs
  32 orcs
  5 bats
  3 endoplasms
  5 giant cockroaches
  9 goblins
  4 hobgoblins
  3 quokkas
  3 ball pythons
  6 frilled lizards
  36 kobolds
  5 rats
205 creatures vanquished.

Vanquished Creatures (others)
  The ghost of Firecrotchwizard the Thrower, a novice GnWn of Okawaru (D:7)
1 creature vanquished.

Grand Total: 206 creatures vanquished

Notes
Turn   | Place    | Note
-------+----------+-------------------------------------------
     0 | D:1      | Mocha4448 the Minotaur Berserker began the quest for the
                  | Orb.
     0 | D:1      | Reached XP level 1. HP: 19/19 MP: 0/0
   186 | D:1      | Reached skill level 4 in Axes
   186 | D:1      | Reached XP level 2. HP: 27/27 MP: 1/1
   260 | D:1      | Found a faded altar of an unknown god.
   465 | D:1      | Reached ** piety under Trog
   918 | D:2      | Reached XP level 3. HP: 31/34 MP: 2/2
  1397 | D:2      | Reached XP level 4. HP: 38/41 MP: 3/3
  1531 | D:3      | Reached skill level 5 in Axes
  2125 | D:3      | Reached skill level 6 in Axes
  2125 | D:3      | Reached XP level 5. HP: 47/47 MP: 4/4
  2226 | D:3      | Found an iron altar of Okawaru.
  2795 | D:4      | Noticed an ogre
  2811 | D:4      | Killed an ogre
  2812 | D:4      | Reached skill level 7 in Axes
  3051 | D:4      | Reached XP level 6. HP: 41/53 MP: 5/5
  3248 | D:4      | Reached *** piety under Trog
  3423 | D:4      | Noticed Grinder
  3430 | D:4      | Killed Grinder
  3431 | D:4      | Reached skill level 9 in Axes
  3431 | D:4      | Reached XP level 7. HP: 60/60 MP: 6/6
  3741 | D:5      | Entered Level 5 of the Dungeon
  3826 | D:5      | Noticed Pikel
  3856 | D:5      | Killed Pikel
  3857 | D:5      | Reached skill level 11 in Axes
  3857 | D:5      | Reached XP level 8. HP: 67/67 MP: 7/7
  4135 | D:5      | Identified the +1 war axe of the Kissing Gods {freeze,
                  | rElec rF- Str+6 Int-2}
  4434 | D:5      | Found a glowing drain.
  4945 | D:5      | Reached skill level 12 in Axes
  4989 | D:6      | Found Joifesucs's Lightly-Used Armoury.
  5015 | D:6      | Found a staircase to the Ecumenical Temple.
  5155 | D:6      | Reached **** piety under Trog
  5156 | D:6      | Reached skill level 13 in Axes
  5341 | D:6      | Reached skill level 14 in Axes
  5341 | D:6      | Reached XP level 9. HP: 72/72 MP: 8/8
  5599 | D:7      | Reached skill level 15 in Axes
  5626 | D:7      | Found a runed translucent door.
  5628 | D:7      | Noticed Firecrotchwizard's ghost (novice GnWn)
  5682 | D:7      | Killed Firecrotchwizard's ghost
  5689 | D:7      | Identified the +7 great sword "Dyngal" {elec, Int+5 Dex-2}
  5754 | D:7      | Identified the +0 scale mail of Calculation {rCorr Str+3
                  | Int-2}
  5793 | D:7      | Reached skill level 16 in Axes
  6742 | D:8      | Found a sacrificial altar of Ru.
  6900 | D:8      | Reached XP level 10. HP: 70/79 MP: 9/9
  7204 | D:8      | Reached skill level 17 in Axes
  7297 | D:8      | Found a blossoming altar of Fedhas.
  7297 | D:8      | Found an opulent altar of Gozag.
  7814 | D:9      | Found Ahoig's Book Emporium.
  8413 | D:9      | Noticed a purple ugly thing
  8424 | D:9      | Killed a purple ugly thing
  8711 | D:9      | Noticed an orange demon
  8713 | D:9      | Noticed Amaemon
  8717 | D:9      | Killed an orange demon
  8718 | D:9      | Reached skill level 18 in Axes
  8726 | D:9      | Slain by Amaemon

Illustrated notes

Levels and vault maps discovered:
D:1:      sevenhm_arrival_forest_fort_small_3, layout_basic,
          shapermc_ecumenical_altar_starsandcircs,
          amcnicky_mini_corridor_feature
D:2:      layout_rooms, dreamdust_mushroom_princess
D:3:      layout_basic, mainiacjoe_overflow_catwalk, lexackson_kobold_supper
D:4:      layout_cave_pools, uniq_grinder
D:5:      layout_basic, gup_sewer_entry_bubbles, uniq_pikel
D:6:      layout_rooms, minmay_temple_entry_statues_fountains,
          minmay_shop_damaged
D:7:      layout_loops_cross, ebering_ghost_inner_flame
D:8:      layout_basic, nicolae_ru_sacrificial_ziggurat, jmf_multi_god_temple
D:9:      layout_layer_cave, serial_shops, shop, uniq_amaemon

Skill      XL: |  1  2  3  4  5  6  7  8  9 10 |
---------------+-------------------------------+-----
Axes           | 4 6 7 9 11 14 16 18 | 18.2
Fighting       | 4 |  4.3
Armour         | |  2.6
Dodging        | |  2.4
Stealth        | |  0.9

Action                     |  1- 3 |  4- 6 |  7- 9 | 10-12 || total
---------------------------+-------+-------+-------+-------++-------
  Melee: Hand axe          |   102 |   100 |    58 |       ||   260
         Headbutt          |    26 |    15 |    31 |    15 ||    87
         Punch             |     3 |       |     1 |     1 ||     5
         War axe           |       |       |   128 |    80 ||   208
 Invoke: Berserk           |       |     4 |     6 |     4 ||    14
         Trog's Hand       |       |       |       |     1 ||     1
    Use: Potion            |     1 |     2 |       |     2 ||     5
 Armour: Animal skin       |    41 |       |       |       ||    41
         Ring mail         |    15 |    78 |   119 |    44 ||   256
         Steam dragon scal |       |       |       |    21 ||    21
  Dodge: Dodged            |    51 |    53 |    75 |    53 ||   232

Table legend: (Time is in decaauts)
 A = Elapsed time spent in this place.
 B = Non-inter-level travel time spent in this place.
 C = Inter-level travel time spent in this place.
 D = Time resting spent in this place.
 E = Time spent auto-exploring this place.
 F = Levels seen in this place.
 G = Mean time per level.
                   A        B        C        D        E       F      G
               +--------+--------+--------+--------+--------+-----+--------+
         Total |   8843 |   8349 |    494 |   1340 |   5168 |   9 |  982.6 |
       Dungeon |   8843 |   8349 |    494 |   1340 |   5168 |   9 |  982.6 |
               +--------+--------+--------+--------+--------+-----+--------+

Top non-repeatable levels by time:
     D:3: 1315 daAuts
     D:5: 1288 daAuts
     D:8: 1134 daAuts
     D:7: 1080 daAuts
     D:4: 965 daAuts
     D:9: 944 daAuts
     D:1: 924 daAuts
     D:6: 616 daAuts
     D:2: 574 daAuts
